 Dungeon Crawl Stone Soup version 0.18.1-50-g88ac8fd (webtiles) character file.

70 Gaplan the Caller (level 4, 0/24 HPs)
             Began as a Deep Elf Summoner on Oct 17, 2016.
             Succumbed to an adder's poison
             ... on level 2 of the Dungeon.
             The game lasted 00:07:01 (1882 turns).

Gaplan the Caller (Deep Elf Summoner)               Turns: 1882, Time: 00:07:01

Health: 0/24       AC:  2    Str:  5    XL:     4   Next: 4%
Magic:  11/12      EV: 13    Int: 24    God:
Gold:   83         SH:  0    Dex: 15    Spells: 2 memorised, 7 levels left

rFire  . . .     SeeInvis .     h - +1 mace
rCold  . . .     Gourm    .     a - +0 robe
rNeg   . . .     Faith    .     (no shield)
rPois  .         Spirit   .     (no helmet)
rElec  .         Dismiss  .     (no cloak)
rCorr  .         Reflect  .     (no gloves)
SustAt .         Harm     .     (no boots)
MR     .....                    (no amulet)
Stlth  ++........               (no ring)
                                r - +3 ring of intelligence

@: lethally poisoned (0 -> -1), not resistant to hostile enchantments,
unstealthy
A: no striking features
a: no special abilities


You were on level 2 of the Dungeon.
You were not hungry.

You visited 1 branch of the dungeon, and saw 2 of its levels.

You collected 83 gold pieces.

Inventory:

Hand Weapons
 h - a +1 mace (weapon)
Armour
 a - a +0 robe (worn)
Jewellery
 r - a +3 ring of intelligence (left hand)
Scrolls
 d - a scroll of teleportation {unknown}
 e - a scroll of magic mapping {unknown}
 g - a scroll of noise {unknown}
 i - 2 scrolls of enchant weapon
 l - a scroll of remove curse
 o - a scroll of identify
 p - a scroll of enchant armour {unknown}
Potions
 f - 2 potions of might
 m - a potion of invisibility
 q - a potion of heal wounds
 s - a potion of curing
Books
 b - a book of Callings

   Spells                             Type                      Level
   a - Summon Small Mammal            Summoning                    1
   b - Call Imp                       Summoning                    2
   c - Call Canine Familiar           Summoning                    3
   d - Summon Guardian Golem          Hexes/Summoning              3
   e - Summon Lightning Spire         Summoning/Air                4
   f - Summon Ice Beast               Ice/Summoning                4
Comestibles
 c - a bread ration
 j - a chunk of flesh
 k - 2 meat rations
 n - 5 fruits


   Skills:
 - Level 0.1 Maces & Flails
 - Level 2.4 Dodging
 - Level 2.4 Stealth
 + Level 4.0 Spellcasting
 * Level 5.7 Summonings


You had 7 spell levels left.
You knew the following spells:

 Your Spells              Type           Power        Failure   Level  Hunger
a - Summon Small Mammal   Summ           ####         1%          1    None
b - Call Canine Familiar  Summ           ####....     2%          3    ##.....


Dungeon Overview and Level Annotations

Branches:
Dungeon (2/15)

Altars:


Message History

The adder dies!
Your Spellcasting skill increases to level 4!
You have reached level 4!
You feel clever.
There is a lethal amount of poison in your body!
There is a lethal amount of poison in your body!
* * * LOW HITPOINT WARNING * * *
You feel sick.
* * * LOW HITPOINT WARNING * * *
You feel sick.
* * * LOW HITPOINT WARNING * * *
You feel sick.
* * * LOW HITPOINT WARNING * * *
You feel sick.
* * * LOW HITPOINT WARNING * * *
You feel sick.
A goblin comes into view. It is wielding a club.
* * * LOW HITPOINT WARNING * * *
You feel sick.
You die...

######........##....
#..........#..#..#..
#.........###...###.
#...[......#.....#..
#........#...#.#...#
#....g.>.#####....#.
#....†...# ###....
#...h....#######)...
#..@.....##......###
#........##....###
#........##...##
#####.######.## #..
#. ##.. .. ##. ...
..... .....


You could see a goblin and a friendly hound.

Vanquished Creatures
  A dart slug (D:1)
  A giant cockroach (D:1)
  A goblin (D:1)
  2 hobgoblins (D:1)
  2 jackals (D:1)
  A kobold (D:1)
  A giant newt (D:1)
  A rat (D:1)
10 creatures vanquished.

Vanquished Creatures (collateral kills)
  Terence (D:2)
  3 adders (D:2)
  2 worms (D:2)
  2 dart slugs (D:1)
  3 giant geckos (D:1)
  4 bats (D:2)
  A giant cockroach (D:1)
  5 goblins
  3 hobgoblins
  A jackal (D:1)
  A quokka (D:1)
  2 kobolds
  7 rats
35 creatures vanquished.

Grand Total: 45 creatures vanquished

Notes
Turn   | Place    | Note
--------------------------------------------------------------
     0 | D:1      | Gaplan the Deep Elf Summoner began the quest for the Orb.
     0 | D:1      | Reached XP level 1. HP: 10/10 MP: 6/6
   406 | D:1      | Reached XP level 2. HP: 15/15 MP: 6/8
   446 | D:1      | Reached skill level 5 in Summonings
  1410 | D:2      | Reached XP level 3. HP: 19/19 MP: 4/9
  1475 | D:2      | Learned a level 3 spell: Call Canine Familiar
  1544 | D:2      | Noticed Terence
  1630 | D:2      | Killed Terence
  1861 | D:2      | Reached XP level 4. HP: 5/24 MP: 9/12
  1874 | D:2      | HP: 1/24 [poisoned by an adder]
  1882 | D:2      | Succumbed to an adder's poison

Skill      XL: |  1  2  3 |
---------------+----------+-----
Summonings     | 5 |  5.7
Spellcasting   | 4 |  4.0
Maces & Flails | |  0.1
Dodging        | |  2.4
Stealth        | |  2.4

Action                   |  1- 3 |  4- 6 || total
-------------------------+-------+-------++-------
Melee: Mace              |    51 |       ||    51
 Cast: Summon Small Mamm |    41 |       ||    41
       Call Canine Famil |     4 |       ||     4
  Use: Scroll            |     3 |       ||     3
       Potion            |     3 |       ||     3
 Stab: Sleeping          |     3 |       ||     3
  Eat: Chunk             |     3 |       ||     3
Armor: Robe              |    15 |       ||    15
Dodge: Dodged            |    87 |       ||    87
